 Dungeon Crawl Stone Soup version 0.25-a0-110-ge29c8f2358 (webtiles) character file.

Game seed: 13882483478056396991, levelgen mode: deterministic

412 tilp the Conjurer (level 6, -1/32 HPs)
             Began as a Tengu Air Elementalist on Nov 18, 2019.
             Slain by Grinder (6 damage)
             ... on level 4 of the Dungeon on Nov 19, 2019.
             The game lasted 00:10:20 (4237 turns).

tilp the Conjurer (Tengu Air Elementalist)          Turns: 4237, Time: 00:10:21

Health: -1/32      AC:  2    Str:  9    XL:     6   Next: 90%
Magic:  0/12       EV: 15    Int: 17    God:
Gold:   124        SH:  0    Dex: 14    Spells: 2/12 levels left

rFire    . . .     SeeInvis .   a - +2 short sword (flame)
rCold    . . .     Gourm    .   (no shield)
rNeg     . . .     Faith    .   d - +0 robe
rPois    .         Spirit   .   (helmet restricted)
rElec    .         Reflect  .   A - scarf {repulsion}
rCorr    .         Harm     .   (no gloves)
MR       .....                  (boots unavailable)
Stlth    ++........             (no amulet)
HPRegen  0.10/turn              (no ring)
MPRegen  0.13/turn              (no ring)

@: flying quickly and evasively, repel missiles, quick
A: beak, talons 3, able to fly
a: Stop Flying


You were on level 4 of the Dungeon.
You were not hungry.

You visited 1 branch of the dungeon, and saw 4 of its levels.

You collected 124 gold pieces.

Inventory:

Hand Weapons
 a - a +2 short sword of flaming (weapon)
 k - a cursed -2 mace
Missiles
 b - 9 poisoned darts (quivered)
 e - 149 stones
 g - 2 javelins
 l - 4 boomerangs
Armour
 d - a +0 robe (worn)
 u - a +0 leather armour
 A - a scarf of repulsion (worn)
Scrolls
 f - a scroll of amnesia {unknown}
 m - a scroll of fear
 n - 2 scrolls of teleportation
 q - 2 scrolls of immolation
 r - a scroll of remove curse
 v - a scroll of random uselessness {unknown}
 w - a scroll of identify {unknown}
 y - a scroll of magic mapping {unknown}
Potions
 h - a potion of lignification {unknown}
 i - a potion of agility {unknown}
 j - a potion of resistance {unknown}
 o - a potion of curing
 s - a potion of heal wounds {unknown}
 t - a potion of might {unknown}
 x - a potion of mutation {unknown}
 z - a potion of degeneration {unknown}


   Skills:
 - Level 2.1 Dodging
 - Level 2.0 Stealth
 + Level 3.9 Spellcasting
 - Level 6.0 Conjurations
 - Level 6.0 Air Magic


You had 2 spell levels left.
You knew the following spells:

 Your Spells              Type           Power        Failure   Level  Hunger
a - Shock                 Conj/Air       ###.         1%          1    None
b - Swiftness             Chrm/Air       ##......     7%          2    ##.....
c - Static Discharge      Conj/Air       ###.....     4%          3    ###....
d - Airstrike             Air            ###.......   13%         4    ####...

Your spell library contained the following spells:

 Spells                   Type           Power        Failure   Level  Hunger
 Lightning Bolt           Conj/Air       ###.......   36%         5    ######.


Dungeon Overview and Level Annotations

Branches:
Dungeon (4/15)
 Temple: D:4-7

Altars:

Annotations:
D:4 Dowan, Duvessa, Grinder


Innate Abilities, Weirdness & Mutations

You have a beak for a mouth.
You have claws for feet.
You can fly continuously.


Message History

Grinder hits you.
* * * LOW HITPOINT WARNING * * *
You writhe in agony.
* * * LOW HITPOINT WARNING * * *
Unknown command.
Casting: Airstrike (safe; 13% risk of failure)
Confirm with . or Enter, or press ? or * to list all spells.
Aiming: Airstrike (safe; 13% risk of failure)
Press: ? - help, Dir - move target cursor, f/p - Grinder
Aim: Grinder (moderately wounded)
The air twists around and strikes Grinder!
Grinder is heavily wounded.
Grinder gestures at you. Pain shoots through your body!
* * * LOW HITPOINT WARNING * * *
Unknown command.
It was a potion of curing.
You feel better. Grinder hits you.
* * * LOW HITPOINT WARNING * * *
You writhe in agony.
You die...

#.........##.#
########.######...#..
...................##
########..#.###....##
..#########..#.# ##.#.##
.............#.####.#.##
#.......####.#..........
.######5# #.##.##..#.##
#@# #.#...#..#.# #.#
#........#.# #..
#.#...#.##.# ###.
#..........#
.##.##.##.####
##.##.##.# P.P#.# # #.#
.. .. .


You could see Grinder.

Vanquished Creatures
  Menkaure (D:4)
  A crimson imp (D:3)
  An orc priest (D:4)
  A centaur skeleton (D:3)
  An orc wizard (D:3)
  A worker ant (D:4)
  A gnoll (D:1)
  3 adders
  3 worms
  A dart slug (D:1)
  14 orcs (D:3)
  5 giant cockroaches
  10 goblins
  14 hobgoblins
  4 jackals (D:3)
  7 kobolds
  3 quokkas
  A ball python (D:3)
  10 bats
  6 frilled lizards
  3 rats
91 creatures vanquished.

Notes
Turn   | Place    | Note
-------+----------+-------------------------------------------
     0 | D:1      | tilp the Tengu Air Elementalist began the quest for the
                  | Orb.
     0 | D:1      | Reached XP level 1. HP: 10/10 MP: 4/4
   370 | D:1      | Reached XP level 2. HP: 15/15 MP: 1/6
   374 | D:1      | Learned a level 2 spell: Swiftness
   666 | D:1      | Reached XP level 3. HP: 19/19 MP: 4/7
   671 | D:1      | Learned a level 3 spell: Static Discharge
  1947 | D:2      | Reached XP level 4. HP: 17/24 MP: 5/8
  2834 | D:3      | Gained mutation: You can fly continuously. [Tengu growth]
  2834 | D:3      | Reached XP level 5. HP: 28/28 MP: 4/10
  2988 | D:3      | Reached skill level 5 in Conjurations
  3010 | D:3      | Reached skill level 5 in Air Magic
  3347 | D:3      | Learned a level 4 spell: Airstrike
  3403 | D:4      | Noticed Menkaure
  3406 | D:4      | Killed Menkaure
  3406 | D:4      | Reached XP level 6. HP: 9/32 MP: 1/12
  3867 | D:4      | Noticed Grinder
  3867 | D:4      | Paralysed by Grinder for 4 turns
  4053 | D:4      | Noticed Dowan
  4061 | D:3      | Upgraded the game from 0.25-a0-109-ge9c0e85935 to
                  | 0.25-a0-110-ge29c8f2358
  4160 | D:4      | Noticed Duvessa
  4237 | D:4      | Slain by Grinder

Levels and vault maps discovered:
D:1:      mainiacjoe_arrival_reflecting_pool, layout_basic, minmay_tetromino_l4
D:2:      layout_rooms
D:3:      layout_loops_corners, st_stairs_8
D:4:      layout_loops_ring, minmay_temple_entry_gardened_gates, uniq_duvessa,
          uniq_grinder, uniq_menkaure

Skill      XL: |  1  2  3  4  5  6 |
---------------+-------------------+-----
Conjurations   | 2 3 4 5 6 |  6.0
Air Magic      | 5 6 |  6.0
Spellcasting   | 3 |  3.9
Dodging        | |  2.1
Stealth        | |  2.0

Action                   |  1- 3 |  4- 6 || total
-------------------------+-------+-------++-------
Melee: Dagger            |     9 |     5 ||    14
       Kick              |     1 |    11 ||    12
       Peck              |     1 |     7 ||     8
       Short sword       |       |    50 ||    50
Throw: Dart              |       |     2 ||     2
 Cast: Shock             |    68 |    75 ||   143
       Airstrike         |       |     9 ||     9
       Swiftness         |       |     1 ||     1
 Abil: Fly               |       |     1 ||     1
  Use: Scroll            |       |     4 ||     4
       Potion            |       |     1 ||     1
 Stab: Sleeping          |       |     2 ||     2
  Eat: Chunk             |     3 |     5 ||     8
       Ration            |       |     2 ||     2
Armor: Robe              |     2 |     5 ||     7
Dodge: Dodged            |    22 |    47 ||    69

Table legend:
 A = Non-vault XP
 B = Vault XP
 C = Vault XP percentage of total XP
 D = Non-vault monster count
 E = Vault monster count
 F = Vault count percentage of total count
                 A         B        C        D         E       F
            +---------+---------+-------+---------+---------+-------
      Total |     408 |     181 |  30.7 |      82 |       9 |   9.9
            +---------+---------+-------+---------+---------+-------
        D:1 |      56 |      10 |  15.2 |      23 |       7 |  23.3
        D:2 |      44 |       0 |   0.0 |      12 |       0 |   0.0
        D:3 |     222 |       2 |   0.9 |      41 |       1 |   2.4
        D:4 |      86 |     169 |  66.3 |       6 |       1 |  14.3
            +---------+---------+-------+---------+---------+-------
